 Dungeon Crawl Stone Soup version 0.29-a0-887-gcbe080d7e0 (webtiles) character file.

Game seed: 12177751991516927696

966 Pooter the Chopper (level 7, -3/62 HPs)
             Began as a Minotaur Berserker on July 21, 2022.
             Was a Priest of Trog.
             Succumbed to Sigmund's poison
             ... on level 5 of the Dungeon.
             The game lasted 00:23:18 (3671 turns).

Pooter the Chopper (Minotaur Berserker)             Turns: 3671, Time: 00:23:19

Health: -3/62      AC: 12    Str: 24    XL:     7   Next: 93%
Magic:  6/6        EV:  7    Int:  4    God:    Trog [***...]
Gold:   110        SH:  0    Dex: 12    Spells: 6/6 levels left

rFire   . . .      SeeInvis .   a - +1 war axe
rCold   . . .      Faith    .   (no shield)
rNeg    . . .      Spirit   .   r - +0 plate armour
rPois   .          Reflect  .   (helmet restricted)
rElec   .          Harm     .   (no cloak)
rCorr   +          Rampage  .   v - +0 pair of gloves {Dex+3}
Will    ++...                   (no boots)
Stlth   ..........              (no amulet)
HPRegen 1.20/turn               C - ring of resist corrosion
MPRegen 0.10/turn               (no ring)

@: lethally poisoned (-3 -> -16), strong-willed (expiring), on berserk cooldown,
regenerating (expiring)
A: horns 2, retaliatory headbutt
a: Renounce Religion, Berserk, Trog's Hand


You were on level 5 of the Dungeon.
You worshipped Trog.
Trog was most pleased with you.
You visited 1 branch of the dungeon, and saw 5 of its levels.

You collected 290 gold pieces.
You spent 180 gold pieces at shops.

Inventory:

Hand Weapons
 a - a +1 war axe (weapon)
   (You found it on level 2 of the Dungeon)
 b - a +1 shortbow of flaming
   (You bought it in a shop on level 3 of the Dungeon)
 q - a +2 sling of freezing
   (You found it on level 1 of the Dungeon)
 z - a +0 trident
   (You took it off an orc on level 5 of the Dungeon)
Missiles
 m - 4 boomerangs
 u - 20 poisoned darts (quivered)
 y - 5 javelins
 Q - 49 stones
Armour
 n - an orb of light
   (You found it on level 4 of the Dungeon)
 r - a +0 plate armour (worn)
   (You found it on level 2 of the Dungeon)
 v - a +0 pair of gloves of dexterity (worn)
   (You found it on level 4 of the Dungeon)
Jewellery
 w - an amulet of magic regeneration
   (You found it on level 4 of the Dungeon)
 x - a ring of magical power
   (You found it on level 4 of the Dungeon)
 C - a ring of resist corrosion (left hand)
   (You took it off a hobgoblin on level 4 of the Dungeon)
Scrolls
 e - 2 scrolls of blinking
 f - 2 scrolls of fear
 g - 2 scrolls of vulnerability {!r}
 k - a scroll of immolation {!r}
 l - a scroll of magic mapping
 o - a scroll of noise {!r}
 t - a scroll of teleportation {@r4}
Potions
 c - a potion of ambrosia {unknown}
 d - a potion of brilliance {unknown}
 h - a potion of cancellation
 i - 2 potions of mutation {unknown}
 p - a potion of flight {unknown}
 s - a potion of heal wounds {unknown}


   Skills:
 + Level 5.8 Fighting
 * Level 7.5 Axes
 * Level 5.3 Ranged Weapons
 - Level 2.4 Armour
 - Level 2.1 Dodging
 + Level 2.9 Stealth


You had 6 spell levels left.
You didn't know any spells.
Your spell library was empty.

Dungeon Overview and Level Annotations

Branches:
Dungeon (5/15)
 Temple: D:4-7

Altars:
Ru
Xom

Shops:
D:3 (

Annotations:
D:5 Sigmund


Innate Abilities, Weirdness & Mutations

You have a pair of horns on your head.
You reflexively headbutt those who attack you in melee.


Message History

Sigmund gestures wildly while chanting.
Sigmund flickers and vanishes!
Deactivating autopickup; reactivate with Ctrl-A.
The centaur hits you but does no damage.
The centaur barely misses you.
You slash the centaur!
You kill the centaur!
Trog accepts your kill. Something hits you!
* * * LOW HITPOINT WARNING * * *
You are poisoned.
Unknown command.
You feel very sick.
You see here a +0 shortbow.
You slash something! Your headbutt misses something.
You feel the effects of Trog's Hand fading.
You feel sick.
You hear some strange, mumbled words.
A puff of flame appears from out of thin air!
The puff of flame hits you.
* * * LOW HITPOINT WARNING * * *
You closely miss something. Your headbutt misses something.
You feel sick.
Unknown command.
You slice something!!
You feel sick. Something hits you!
* * * LOW HITPOINT WARNING * * *
You are lethally poisoned!
You miss something. Your headbutt misses something.
* * * LOW HITPOINT WARNING * * *
You feel very sick.
You miss something. Your headbutt misses something.
* * * LOW HITPOINT WARNING * * *
You feel very sick.
You hear some strange, mumbled words.
A magic dart appears from out of thin air!
The magic dart hits you but does no damage.
You closely miss something.
You are no longer berserk.
You are exhausted.
You feel yourself slow down.
* * * LOW HITPOINT WARNING * * *
You feel very sick. Something hits you but does no damage.
You are more poisoned.
Unknown command.
It was a potion of cancellation.
Your magical effects are unravelling.
You feel magically purged.
You feel yourself speed up.
You die...

.....'..........#........#
.....#..........#........#
.....#..........#......?.
.....##'####...##......
#######...######.....#
#....#.....+ #.....+
#....#.....# #.....#
+....#.....# #{....#
###..##..#######@....#
.....##..#......#####....
##.......#......# ....
##......#......# .....
#......#......# .....
###....#......# ... +#
##...#......# .+
#...#......# .##
##...#......#


There were no monsters in sight!

Vanquished Creatures
  2 ice beasts (D:5)
  A centaur (D:5)
  2 phantoms
  2 scorpions
  2 hounds
  2 iguanas
  Terence (D:2)
  An orc wizard (D:5)
  Robin (D:2)
  11 gnolls
  4 adders
  An ufetubus (D:5)
  3 worms
  A dart slug (D:1)
  9 orcs
  8 ball pythons
  4 bats
  6 endoplasms
  3 giant cockroaches
  12 goblins
  13 hobgoblins
  5 jackals
  9 kobolds
  2 quokkas
  2 frilled lizards
  6 rats
113 creatures vanquished.

Notes
Turn   | Place    | Note
-------+----------+-------------------------------------------
     0 | D:1      | Pooter the Minotaur Berserker began the quest for the Orb.
     0 | D:1      | Reached XP level 1. HP: 19/19 MP: 0/0
     9 | D:1      | Found a faded altar of an unknown god.
    27 | D:1      | Reached skill level 4 in Axes
    27 | D:1      | Reached XP level 2. HP: 16/27 MP: 1/1
   191 | D:1      | Upgraded the game from 0.29-a0-885-gb26ba3297d to
                  | 0.29-a0-887-gcbe080d7e0
   539 | D:1      | Reached XP level 3. HP: 33/33 MP: 2/2
   860 | D:2      | Reached skill level 1 in Ranged Weapons
   866 | D:2      | Reached skill level 5 in Axes
   866 | D:2      | Reached XP level 4. HP: 40/40 MP: 3/3
   947 | D:2      | Reached ** piety under Trog
  1032 | D:2      | Noticed Terence
  1045 | D:2      | Killed Terence
  1046 | D:2      | Reached skill level 1 in Stealth
  1381 | D:2      | Noticed Robin
  1384 | D:2      | Killed Robin
  1385 | D:2      | Reached XP level 5. HP: 47/47 MP: 4/4
  2215 | D:3      | Noticed a phantom
  2226 | D:3      | Killed a phantom
  2229 | D:3      | Reached XP level 6. HP: 55/55 MP: 5/5
  2583 | D:3      | Found Pahoru's Weapon Shop.
  2597 | D:3      | Reached skill level 6 in Axes
  2617 | D:3      | Bought 5 javelins for 44 gold pieces
  2617 | D:3      | Bought a +1 shortbow of flaming for 136 gold pieces
  2702 | D:3      | Found a shimmering altar of Xom.
  2703 | D:3      | Found a sacrificial altar of Ru.
  2815 | D:4      | Reached skill level 5 in Fighting
  2959 | D:4      | Reached *** piety under Trog
  3247 | D:4      | Reached XP level 7. HP: 58/61 MP: 6/6
  3365 | D:5      | Entered Level 5 of the Dungeon
  3478 | D:5      | Reached skill level 7 in Axes
  3598 | D:5      | Reached skill level 5 in Ranged Weapons
  3646 | D:5      | Noticed Sigmund
  3671 | D:5      | Succumbed to Sigmund's poison

Illustrated notes

Levels and vault maps discovered:
D:1:      dpeg_arrival_rooms_with_view, layout_basic,
          chequers_ecumenical_altar_island
D:2:      layout_basic, minmay_tripent, uniq_robin, uniq_terence
D:3:      layout_basic, gammafunk_temple_overflow_statue, serial_shops,
          nicolae_shop_bloodbath_and_beyond, minmay_cut_off
D:4:      layout_basic
D:5:      layout_gridville, nemelex_dance_club_becter, uniq_sigmund,
          uniq_grinder

Skill      XL: |  1  2  3  4  5  6  7 |
---------------+----------------------+-----
Axes           | 4 5 6 7 |  7.5
Fighting       | 4 5 |  5.8
Ranged Weapons | 1 2 3 4 5 |  5.3
Stealth        | 1 2 |  2.9
Armour         | |  2.4
Dodging        | |  2.1

Action                   |  1- 3 |  4- 6 |  7- 9 || total
-------------------------+-------+-------+-------++-------
Melee: Hand axe          |    49 |       |       ||    49
       Headbutt          |     6 |    18 |     6 ||    30
       Short sword       |     1 |       |       ||     1
       Flail             |       |    40 |       ||    40
       War axe           |       |    43 |    34 ||    77
 Fire: Sling             |    32 |    56 |       ||    88
       Shortbow          |       |    32 |    22 ||    54
Throw: Dart              |       |       |     2 ||     2
Invok: Berserk           |     2 |     2 |     1 ||     5
       Trog's Hand       |       |       |     2 ||     2
  Use: Scroll            |       |    10 |       ||    10
       Potion            |       |       |     1 ||     1
Armor: Animal skin       |     8 |       |       ||     8
       Scale mail        |     6 |    19 |       ||    25
       Plate armour      |       |    37 |    34 ||    71
Dodge: Dodged            |    42 |    40 |    18 ||   100

Table legend: (Time is in decaauts)
 A = Elapsed time spent in this place.
 B = Non-inter-level travel time spent in this place.
 C = Inter-level travel time spent in this place.
 D = Time resting spent in this place.
 E = Time spent auto-exploring this place.
 F = Levels seen in this place.
 G = Mean time per level.
                   A        B        C        D        E       F      G
               +--------+--------+--------+--------+--------+-----+--------+
         Total |   3802 |   3733 |     69 |    519 |   2365 |   5 |  760.4 |
       Dungeon |   3802 |   3733 |     69 |    519 |   2365 |   5 |  760.4 |
               +--------+--------+--------+--------+--------+-----+--------+

Top non-repeatable levels by time:
     D:2: 1134 daAuts
     D:3: 880 daAuts
     D:1: 867 daAuts
     D:4: 610 daAuts
     D:5: 309 daAuts
